 Dungeon Crawl Stone Soup version 0.17.0-24-gcfadda4 (webtiles) character file.

111 stefzke33 the Cudgeler (level 4, -1/44 HPs)
             Began as a Troll Berserker on Nov 17, 2015.
             Was a Believer of Trog.
             Slain by a wight
             ... wielding a +0 halberd
              (9 damage)
             ... on level 3 of the Dungeon.
             The game lasted 00:08:01 (2019 turns).

stefzke33 the Cudgeler (Troll Berserker)            Turns: 2019, Time: 00:08:01

Health: -1/44      AC: 11    Str: 25    XL:     4   Next: 62%
Magic:  3/3        EV:  5    Int:  4    God:    Trog [**....]
Gold:   20         SH:  0    Dex:  9    Spells: 0 memorised, 3 levels left

rFire  . . .     SeeInvis .     h - +0 mace (protect)
rCold  . . .     Clarity  .     j - +1 robe
rNeg   . . .     SustAt   .     (no shield)
rPois  .         Gourm    +     (helmet restricted)
rElec  .         Spirit   .     (no cloak)
rCorr  .         Warding  .     (gloves unavailable)
rMut   .         Stasis   .     (boots unavailable)
MR     .....                    (no amulet)
Stlth  +.........               (no ring)
                                (no ring)

@: exhausted, slowed, very slow, not resistant to hostile enchantments, very
unstealthy
A: unfitting armour, claws 3, fast metabolism 3, gourmand, regeneration 2,
shaggy fur 1, tough skin 2
a: Berserk, Trog's Hand, Burn Spellbooks, Renounce Religion


You were on level 3 of the Dungeon.
You worshipped Trog.
Trog was pleased with you.
You were very full.

You visited 1 branch of the dungeon, and saw 3 of its levels.

You collected 20 gold pieces.

Inventory:

Hand Weapons
 a - a +0 mace
 h - a +0 mace of protection (weapon)
Missiles
 n - 2 throwing nets (quivered)
Armour
 j - a +1 robe (worn)
Jewellery
 o - an uncursed ring of protection from fire {unknown}
 p - an uncursed ring of stealth {unknown}
Scrolls
 e - a scroll of identify {unknown}
 f - a scroll of remove curse {unknown}
 i - a scroll of recharging {unknown}
 l - a scroll of random uselessness {unknown}
Potions
 d - 4 potions of curing {unknown}
 m - a potion of brilliance {unknown}
Comestibles
 b - a slice of pizza
 c - 4 bread rations
 g - a chunk of flesh
 k - 4 fruits


   Skills:
 + Level 2.9 Fighting
 * Level 3.9 Maces & Flails
 + Level 3.2 Dodging


You had 3 spell levels left.
You didn't know any spells.

Dungeon Overview and Level Annotations

Branches:
Dungeon (3/15)

Altars:
Vehumet


Innate Abilities, Weirdness & Mutations

You are too large for most types of armour.
You have claws for hands.
Your metabolism is lightning-fast.
You like to eat raw meat.
You heal very quickly.
You are covered in fur (AC +1).
You have very tough skin (AC +2).


Message History

The wight hits you from afar with a halberd!
* * * LOW HITPOINT WARNING * * *
You are too injured to fight recklessly!
The wight closely misses you.
You feel a strong urge to attack something.
You are no longer berserk.
You are exhausted.
You feel yourself slow down.
The wight hits you with a dagger of freezing.
* * * LOW HITPOINT WARNING * * *
The wight freezes you.
* * * LOW HITPOINT WARNING * * *
The orc hits you with a hand axe.
* * * LOW HITPOINT WARNING * * *
The wight closely misses you. The wight misses you.
There is a stone staircase leading up here.
The wight hits you but does no damage. The wight barely misses you.
The orc hits you but does no damage.
The wight hits you from afar with a halberd!
You die...

########)#..(..
#.#..#.$ ##...#
#...## #...# ##...#
###.z.####
###.zz.....##
#######...@o......#
##.....#..........##
##..)..........#####
#....>..........#
#.<.........รท...#
######..........#
##.........#
#.........#
#.........#


You could see 3 wights and an orc.

Vanquished Creatures
  Jessica (D:2)
  Robin (D:2)
  2 adders (D:2)
  A worm (D:2)
  A giant gecko (D:3)
  3 orcs (D:3)
  A ball python (D:1)
  4 giant cockroaches
  11 goblins
  5 hobgoblins (D:2)
  6 kobolds
  A quokka (D:2)
  7 bats
  5 giant newts
  3 rats
52 creatures vanquished.

Vanquished Creatures (others)
  A bat (D:2)
1 creature vanquished.

Grand Total: 53 creatures vanquished

Notes
Turn   | Place    | Note
--------------------------------------------------------------
     0 | D:1      | stefzke33 the Troll Berserker began the quest for the Orb.
     0 | D:1      | Reached XP level 1. HP: 22/22 MP: 0/0
   271 | D:1      | Reached XP level 2. HP: 29/29 MP: 1/1
   752 | D:1      | Reached skill level 3 in Maces & Flails
   975 | D:2      | Noticed Robin
   988 | D:2      | Reached XP level 3. HP: 36/36 MP: 2/2
   991 | D:2      | Reached ** piety under Trog
   994 | D:2      | Killed Robin
  1134 | D:2      | Noticed Jessica
  1143 | D:2      | Killed Jessica
  1143 | D:2      | Reached XP level 4. HP: 44/44 MP: 3/3
  1661 | D:2      | Found a radiant altar of Vehumet.
  2019 | D:3      | Slain by a wight

Action                   |  1- 3 |  4- 6 || total
-------------------------+-------+-------++-------
Melee: Mace              |    69 |    61 ||   130
Invok: Berserk           |     1 |     1 ||     2
  Eat: Chunk             |    12 |     8 ||    20
       Meat ration       |     1 |       ||     1
